Unix NetHack Version 3.7.0-94 Work-in-progress - last build Dec 13 2023 01:40:03 (eb5afe49d650b6f5c6196fad733e3b2b9fb6c025,branch:master). Game began 2023-12-17 17:01:39, ended 2023-12-17 17:18:24. proxxiSWE, lawful male human Archeologist --------------- --------- ------ #......@.f.....+ |+...)...# #####-.....# #|.............| ##|.......|###### |....|# ---------- |...........[.| ##....+<..|# ...{..### |{[...>..| |.............|#####---------# |....|# ###...).....| ---|-----------# ## `## |....|# |.*......| ##### ## # ----.-# |........| ######## # # ## ----.----- ##### # # ## # ################# # # # -.----------- # #.............| # |............| # |........{...| # |............| # -------------- ---|- |...| |.?%| ----- ProxxiSWE the Digger St:13 Dx:10 Co:15 In:14 Wi:14 Ch:9 Lawful S:357 Dlvl:4 $:31 HP:0(18) Pw:4(4) AC:4 Xp:2/39 T:1683 Latest messages: You see here a double-headed axe. A cloud of gas puts you to sleep! The kitten picks up a turquoise spellbook. You wake up. The kitten drops a turquoise spellbook. That door is closed. The door opens. The grid bug bites! You get zapped! You hit the grid bug. The grid bug just misses! You kill the grid bug! The iguana misses! The fox bites! You miss the iguana. The iguana misses! The fox misses! You hit the iguana. You miss the iguana. You hit the iguana. The iguana bites! You miss the iguana. The iguana bites! You kill the iguana! The fox misses! You miss the fox. The fox bites! The grid bug bites! You get zapped! The fox bites! You hit the grid bug. The grid bug misses! You kill the grid bug! The fox misses! The fox bites! You kill the fox! You see here a chain mail. What do you want to wield? [- ajp or ?*] a a - a +2 bullwhip (weapon in right hand). You hear a gurgling noise. What do you want to drink? [nyB or ?*] ? You feel better. Your movements are now unencumbered. You lash the gas spore. You lash the gas spore. You kill the gas spore! Boom! You are caught in the gas spore's explosion! It is fatal. Do you want your possessions identified? [ynq] (y) q Inventory: Coins $ - 31 gold pieces Weapons a - a +2 bullwhip (weapon in right hand) j - a +0 long sword (alternate weapon; not wielded) Armor c - an uncursed +1 fedora (being worn) A - a blessed +2 ring mail (being worn) Comestibles d - 4 uncursed food rations v - an uncursed lembas wafer Scrolls s - an uncursed scroll of amnesia z - an uncursed scroll of destroy armor x - an uncursed scroll of enchant armor u - an uncursed scroll of identify r - a blessed scroll of teleportation named telep Potions n - 2 uncursed potions of healing B - an uncursed potion of levitation y - an uncursed potion of water Tools h - an empty uncursed sack k - an empty uncursed sack b - an uncursed blindfold p - a +0 pick-axe f - a tinning kit (0:86) Gems/Stones t - an uncursed touchstone ProxxiSWE the Archeologist's attributes: Background: You were a Digger, a level 2 male human Archeologist. You were lawful, nominally on a mission for Quetzalcoatl who was opposed by Camaxtli (neutral) and Huhetotl (chaotic). You were right-handed. You were in the Dungeons of Doom, on level 4. You entered the dungeon 1683 turns ago. You had 39 experience points, 1 more was needed to attain level 3. Your score was 357 before end-of-game adjustments. Basics: You had 0 out of 18 hit points. You had all 4 energy points (spell power). Your armor class was 4. Your wallet contained 31 zorkmids. Autopickup was on for '$!?/="' plus thrown. Final Characteristics: Your strength was 13 (limit:18/100). Your dexterity was 10 (limit:18). Your constitution was 15 (limit:18). Your intelligence was 14 (limit:18). Your wisdom was 14 (limit:18). Your charisma was 9 (limit:18). Final Status: You weren't hungry. You were unencumbered. You were wielding a whip. You had basic skill with whip. Final Attributes: You were devoutly aligned. You had automatic searching. You were warded. You are dead. Miscellaneous: You never encountered a bones level. Total elapsed playing time was 16 minutes and 43 seconds. Major events: Turn 1: proxxiSWE the lawful male human Archeologist entered the dungeon 376: entered the Gnomish Mines 1683: killed by a gas spore's explosion Vanquished creatures: an iguana a gas spore a hobbit a large kobold a brown mold a jackal a fox 2 goblins a sewer rat 4 grid bugs 2 lichens 4 newts 20 creatures vanquished. No species were genocided or became extinct. Voluntary challenges: You were an atheist. You read items or engraved 1 time. You never engraved Elbereth. You never genocided any monsters. You never polymorphed an object. You never changed form. You used no wishes. Achievements: You entered the Gnomish Mines. You entered a shop. The Dungeons of Doom: levels 1 to 4 Level 1: A fountain. Level 2: Stairs down to The Gnomish Mines. Level 3: A general store, a fountain. Level 4: <- You were here. A general store, some fountains, a sink. Final resting place for you, killed by a gas spore's explosion. The Gnomish Mines: Level 3: Game over: ---------- / \ / REST \ / IN \ / PEACE \ / \ | proxxiSWE | | 31 Au | | killed by a gas | | spore's | | explosion | | | | 2023 | *| * * * | * _________)/\\_//(\/(/\)/\//\/|_)_______ Goodbye proxxiSWE the Archeologist... You died in The Dungeons of Doom on dungeon level 4 with 354 points, and 31 pieces of gold, after 1683 moves. You were level 2 with a maximum of 18 hit points when you died.